 Dungeon Crawl Stone Soup version 0.28-a0-1629-gf728b707aa (webtiles) character file.

Game seed: 4694478907104491937

63 porpoise the Insei (level 3, -1/28 HPs)
             Began as a Demonspawn Transmuter on Jan 25, 2022.
             Slain by Crazy Yiuf (17 damage)
             ... on level 2 of the Dungeon.
             The game lasted 00:04:20 (1898 turns).

porpoise the Insei (Demonspawn Transmuter)          Turns: 1898, Time: 00:04:21

Health: -1/28      AC:  2    Str: 12    XL:     3   Next: 89%
Magic:  5/6        EV: 12    Int: 14    God:
Gold:   67         SH:  0    Dex: 13    Spells: 5/6 levels left

rFire   . . .      SeeInvis .     - Unarmed
rCold   . . .      Faith    .   (no shield)
rNeg    . . .      Spirit   .   a - +0 robe
rPois   .          Reflect  .   (helmet currently unavailable)
rElec   .          Harm     .   (no cloak)
rCorr   .          Rampage  .   (no gloves)
Will    .....                   (boots currently unavailable)
Stlth   ++........              (no amulet)
HPRegen 0.09/turn               (no ring)
MPRegen 0.10/turn               (no ring)

@: appendages
A: horns 2, talons 2, ignite blood 1
a: End Transformation


You were on level 2 of the Dungeon.
You had temporarily grown beastly horns and talons.
You visited 1 branch of the dungeon, and saw 2 of its levels.

You collected 67 gold pieces.

Inventory:

Missiles
 d - 5 stones
 f - 3 boomerangs
Armour
 a - a +0 robe (worn)
Scrolls
 c - a scroll of teleportation {unknown}
Potions
 b - a potion of curing {unknown}
 e - a potion of might {unknown}


   Skills:
 * Level 2.4 Fighting
 - Level 1.7 Dodging
 + Level 1.3 Stealth
 * Level 3.4 Unarmed Combat
 - Level 2.0 Spellcasting
 - Level 1.7 Transmutations


You had 5 spell levels left.
You knew the following spells:

 Your Spells              Type           Power      Damage    Failure   Level
a - Beastly Appendage     Tmut           12%        N/A       12%         1

Your spell library contained the following spells:

 Spells                   Type           Power      Damage    Failure   Level
 Wereblood                Tmut           6%         N/A       17%         2
 Sandblast                Erth           2%         2d4       24%         1
 Passwall                 Tmut/Erth      2%         N/A       26%         2
 Spider Form              Tmut/Pois      3%         N/A       45%         3
 Stone Arrow              Conj/Erth      2%         3d7       56%         3
 Ice Form                 Ice/Tmut       3%         N/A       86%         4


Dungeon Overview and Level Annotations

Branches:
Dungeon (2/15)

Altars:

Shops:
D:2 =

Annotations:
D:2 Crazy Yiuf


Innate Abilities, Weirdness & Mutations

You have temporarily grown beastly horns and talons.
Your demonic aura sometimes causes spilled blood to erupt in flames.


Message History

Confirm with . or Enter, or press ? or * to list all spells.
You grow a pair of large bovine horns.
Your feet morph into talons.
You barely miss the giant cockroach. The giant cockroach misses you.
You barely miss the giant cockroach. Your kick misses the giant cockroach.
Your transformation is almost over.
The giant cockroach bites you but does no damage.
You hit the giant cockroach. You claw the giant cockroach.
You kill the giant cockroach!
You start resting.
Magic restored.
Your horns disappear.
Your talons disappear.
A rat comes into view.
Casting: Beastly Appendage (safe; 12% risk of failure)
Confirm with . or Enter, or press ? or * to list all spells.
You grow a pair of large bovine horns.
Your feet morph into talons.
Your transformation is almost over.
The helpless rat fails to defend itself.
You hit the rat.
The rat is moderately wounded.
You hit the rat.
You kill the rat!
Your horns disappear.
Your talons disappear.
There is a stone staircase leading up here.
Found a mace.
Found a runed translucent door.
Crazy Yiuf shouts!
You open the door.
Casting: Beastly Appendage (safe; 12% risk of failure)
Confirm with . or Enter, or press ? or * to list all spells.
You grow a pair of large bovine horns.
Your feet morph into talons.
Crazy Yiuf barely misses you.
You completely miss Crazy Yiuf. Crazy Yiuf closely misses you.
You hit Crazy Yiuf. You claw Crazy Yiuf.
Crazy Yiuf is moderately wounded.
Crazy Yiuf hits you with a +3 quarterstaff of chaos!
You convulse.
You hit Crazy Yiuf.
Crazy Yiuf is heavily wounded.
Crazy Yiuf hits you with a +3 quarterstaff of chaos!
Ouch! That really hurt!
You die...

##..######..########
#....# #.[#.......
♣....♣ #..#.######
♣...♣♣ #..#.# ♣♣.♣♣
#..#.# ♣.♣♣
#..#.###### ♣♣.♣
#.......... ♣.♣♣
##.#.#####. ♣♣@♣
#.#....... #g#
#.######## ...
#.#....... #...#
#.#.###### #..)#
#.#.#..... #####
#.#.#.#### #.#.#
#.#.# #.#.#


You could see Crazy Yiuf.

Vanquished Creatures
  An iguana (D:2)
  A gnoll (D:1)
  A dart slug (D:1)
  4 bats (D:1)
  2 endoplasms
  2 giant cockroaches
  A goblin (D:1)
  3 hobgoblins (D:1)
  A quokka (D:1)
  A ball python (D:2)
  2 frilled lizards (D:1)
  2 kobolds (D:1)
  4 rats
25 creatures vanquished.

Vanquished Creatures (others)
  A plant (D:1)
1 creature vanquished.

Grand Total: 26 creatures vanquished

Notes
Turn   | Place    | Note
-------+----------+-------------------------------------------
     0 | D:1      | porpoise the Demonspawn Transmuter began the quest for the
                  | Orb.
     0 | D:1      | Reached XP level 1. HP: 15/15 MP: 3/3
   358 | D:1      | Gained mutation: Your demonic aura sometimes causes spilled
                  | blood to erupt in flames. [demonic ancestry]
   358 | D:1      | Reached XP level 2. HP: 20/21 MP: 3/5
   492 | D:1      | Reached skill level 3 in Unarmed Combat
   789 | D:1      | Reached skill level 1 in Stealth
   975 | D:1      | Reached XP level 3. HP: 27/27 MP: 4/6
  1322 | D:2      | Found Avouheg's Jewellery Boutique.
  1890 | D:2      | Found a runed translucent door.
  1891 | D:2      | Noticed Crazy Yiuf
  1898 | D:2      | Slain by Crazy Yiuf

Illustrated notes

Levels and vault maps discovered:
D:1:      dpeg_chamrin_arrival_tetris, layout_loops_ring, nicolae_grassy_gnolls
D:2:      layout_basic, serial_shops, nicolae_square_shop,
          nicolae_shop_statue_plus, chequers_ecumenical_altar_twisty,
          uniq_sigmund, uniq_crazy_yiuf_cottage, uniq_natasha

Skill      XL: |  1  2 |
---------------+-------+-----
Unarmed Combat | 3 |  3.4
Fighting       | 2 |  2.4
Stealth        | 1 |  1.3
Dodging        | |  1.7
Spellcasting   | |  2.0
Transmutations | |  1.7

Action                   || total
-------------------------++-------
Melee: Unarmed           ||    90
       Kick              ||    19
       Headbutt          ||     6
 Cast: Beastly Appendage ||    23
 Stab: Sleeping          ||     2
Armor: Robe              ||    22
Dodge: Dodged            ||    52

Table legend: (Time is in decaauts)
 A = Elapsed time spent in this place.
 B = Non-inter-level travel time spent in this place.
 C = Inter-level travel time spent in this place.
 D = Time resting spent in this place.
 E = Time spent auto-exploring this place.
 F = Levels seen in this place.
 G = Mean time per level.
                   A        B        C        D        E       F      G
               +--------+--------+--------+--------+--------+-----+--------+
         Total |   1892 |   1852 |     40 |    646 |    931 |   2 |  946.0 |
       Dungeon |   1892 |   1852 |     40 |    646 |    931 |   2 |  946.0 |
               +--------+--------+--------+--------+--------+-----+--------+

Top non-repeatable levels by time:
     D:1: 1300 daAuts
     D:2: 591 daAuts
